 Dungeon Crawl Stone Soup version 0.31.0-32-g396128a36d (webtiles) character file.

Game seed: 1956155186162109720

431 PaiMei the Grave Robber (level 6, 0/41 HPs)
             Began as a Demonspawn Necromancer on Mar 29, 2024.
             Slain by Pikel
             ... wielding a +0 whip of freezing
              (5 damage)
             ... on level 5 of the Dungeon.
             The game lasted 00:04:03 (4781 turns).

PaiMei the Grave Robber (Demonspawn Necromancer)    Turns: 4781, Time: 00:04:04

Health: 0/41       AC:  2    Str: 15    XL:     6   Next: 67%
Magic:  1/11       EV: 13    Int: 19    God:
Gold:   259        SH:  0    Dex: 13    Spells: 8/12 levels left

rFire   . . .        d - +0 spear
rCold   . . .        (no shield)
rNeg    . . .        a - +0 robe
rPois   .            (helmet restricted)
rElec   .            (no cloak)
rCorr   .            (no gloves)
SInv    .            (no boots)
Will    .....        (no amulet)
Stlth   ++           t - +6 ring of strength
HPRegen 0.26/turn    (no ring)
MPRegen 0.12/turn

%: no passive effects
@: no status effects
A: antennae 2, ignite blood 1, powered by pain 1, big brain 1
a: no special abilities


You were on level 5 of the Dungeon.
You visited 1 branch of the dungeon, and saw 5 of its levels.

You collected 259 gold pieces.

Inventory:

Hand Weapons
 d - a +0 spear (weapon)
Armour
 a - a +0 robe (worn)
 q - an orb of guile
Jewellery
 t - a +6 ring of strength (left hand)
Wands
 i - a wand of iceblast (16)
Scrolls
 c - 2 scrolls of vulnerability {unknown}
 e - 3 scrolls of noise {unknown}
 f - 2 scrolls of poison {unknown}
 g - 7 scrolls of identify {unknown}
 j - a scroll of enchant weapon {unknown}
 k - 2 scrolls of immolation {unknown}
 o - 2 scrolls of teleportation {unknown}
 u - a scroll of fog {unknown}
Potions
 b - 2 potions of magic
 h - a potion of mutation {unknown}
 l - a potion of enlightenment {unknown}
 m - 2 potions of curing {unknown}
 n - 2 potions of heal wounds {unknown}
 p - a potion of lignification {unknown}
 r - a potion of cancellation {unknown}
 s - 2 potions of degeneration {unknown}


   Skills:
 + Level 3.5 Dodging
 + Level 3.8 Stealth
 + Level 3.7 Spellcasting
 + Level 5.8 Necromancy


You had 8 spell levels left.
You knew the following spells:

 Your Spells              Type           Power      Damage    Failure   Level
a - Necrotise             Necr           100%       1d9       1%          1
b - Vampiric Draining     Necr           25%        2d7       3%          3

Your spell library contained the following spells:

 Spells                   Type           Power      Damage    Failure   Level
 Animate Dead             Necr           25%        N/A       13%         4
 Sandblast                Erth           6%         2d5       14%         1
 Jinxbite                 Hex            6%         N/A       22%         2
 Curse of Agony           Necr           25%        N/A       34%         5
 Passwall                 Erth           3%         N/A       38%         3
 Stone Arrow              Conj/Erth      6%         3d7       38%         3
 Brom's Barrelling Bould  Conj/Erth      3%         2d3       80%         4
 Yara's Violent Unravell  Hex/Alch       1%         3d3       98%         5
 Enfeeble                 Hex            1%         N/A       100%        7


Dungeon Overview and Level Annotations

Branches:
Dungeon (5/15)             Temple (0/1) D:5

Altars:
Dithmenos
Makhleb
Wu Jian

Annotations:
D:5 Pikel


Innate Abilities, Weirdness & Mutations

You have a pair of antennae on your head.
Your demonic aura sometimes causes spilled blood to erupt in flames.
You sometimes gain a little power by taking damage.
You have an unusually large brain. (Int +2)


Message History

You hit Pikel.
Pikel is heavily wounded.
A lemure comes into view.
Pikel misses you.
Casting: Vampiric Draining (dangerous; 3% risk of failure)
Confirm with . or Enter, or press ? or * to list all spells.
Aiming: Necrotise (safe; 1% risk of failure)
Press: ? - help, Shift-Dir - straight line, f/p - Pikel
Aim: Pikel, wielding a +0 whip of freezing and wearing a +0 robe (heavily wounded, chance to affect: 83%) Pikel writhes in agony.
A lemure comes into view. x2
Pikel hits you with a +0 whip of freezing!
Pikel freezes you.
Casting: Necrotise (safe; 1% risk of failure)
Confirm with . or Enter, or press ? or * to list all spells.
Aiming: Necrotise (safe; 1% risk of failure)
Press: ? - help, Shift-Dir - straight line, f/p - Pikel
Aim: Pikel, wielding a +0 whip of freezing and wearing a +0 robe (severely wounded, chance to affect: 83%) Pikel writhes in agony!
Pikel closely misses you.
Casting: Necrotise (safe; 1% risk of failure)
Confirm with . or Enter, or press ? or * to list all spells.
You don't have enough magic to cast this spell.
You hit Pikel but do no damage.
Pikel is almost dead.
Pikel hits you with a +0 whip of freezing.
Pikel freezes you.
You closely miss Pikel.
Pikel is almost dead.
Pikel hits you with a +0 whip of freezing!
Pikel freezes you.
You hit Pikel.
Pikel is almost dead.
Pikel closely misses you.
You closely miss Pikel.
Pikel is almost dead.
Pikel hits you with a +0 whip of freezing!
* * * LOW HITPOINT WARNING * * *
Pikel freezes you.
You die...
Pikel says, "See you in Hell!"

..>.##.....##.#..≈≈.....
#.8........##.#..≈≈.....#
##.#.#.###..##.#......_..#
...#... #......#..........
..####...###.####.#...♣♣.....
#...>.......####.##..♣♣..≈≈
#.................#.... .≈≈
.........########.#.....
.............@K5.....##.
.......########.5...#..#
....### #...{$$.....## ###.
#.###....#### # #....# #K...#
.%...# ...5.# ......#


You could see Pikel and 2 lemures.

Vanquished Creatures
  A scorpion (D:5)
  3 hounds
  A jelly (D:4)
  2 bombardier beetles (D:4)
  An orc wizard (D:2)
  4 adders
  A shadow imp (D:5)
  2 dart slugs
  2 ribbon worms
  9 orcs
  5 ball pythons
  7 bats
  4 endoplasms
  2 giant cockroaches (D:1)
  3 goblins
  5 hobgoblins
  3 jackals (D:1)
  2 quokkas
  4 frilled lizards
  5 kobolds
  10 rats
76 creatures vanquished.

Vanquished Creatures (collateral kills)
  A howler monkey (D:5)
  An endoplasm (D:2)
  A jackal (D:1)
3 creatures vanquished.

Grand Total: 79 creatures vanquished

Notes
Turn   | Place    | Note
-------+----------+-------------------------------------------
     0 | D:1      | PaiMei the Demonspawn Necromancer began the quest for the
                  | Orb.
     0 | D:1      | Reached XP level 1. HP: 13/13 MP: 3/3
   373 | D:1      | Gained mutation: You have an unusually large brain. (Int
                  | +2) [demonic ancestry]
   373 | D:1      | Reached XP level 2. HP: 14/19 MP: 1/5
  1156 | D:2      | Gained mutation: You have a pair of small antennae on your
                  | head. [demonic ancestry]
  1156 | D:2      | Reached XP level 3. HP: 24/24 MP: 0/6
  1160 | D:2      | Learned a level 3 spell: Vampiric Draining
  1691 | D:2      | Gained mutation: Your demonic aura sometimes causes spilled
                  | blood to erupt in flames. [demonic ancestry]
  1691 | D:2      | Reached XP level 4. HP: 20/30 MP: 0/7
  2424 | D:3      | Found a shadowy altar of Dithmenos.
  2486 | D:3      | Reached skill level 5 in Necromancy
  2583 | D:3      | Found a glowing drain.
  3267 | D:4      | Gained mutation: You sometimes gain a little power by
                  | taking damage. [demonic ancestry]
  3267 | D:4      | Reached XP level 5. HP: 16/35 MP: 2/9
  3416 | D:4      | Found a burning altar of Makhleb.
  4409 | D:5      | Entered Level 5 of the Dungeon
  4419 | D:5      | Gained mutation: You have a pair of antennae on your head.
                  | [demonic ancestry]
  4419 | D:5      | Reached XP level 6. HP: 41/41 MP: 7/11
  4557 | D:5      | Found an ornate altar of the Wu Jian Council.
  4580 | D:5      | Found a staircase to the Ecumenical Temple.
  4763 | D:5      | Noticed Pikel
  4781 | D:5      | Slain by Pikel

Illustrated notes

Levels and vault maps discovered:
D:1:      evilmike_arrival_plus, layout_loops_corners, grunt_decor_one_mirror,
          corexii_item_surrounded_by_moat, minmay_misc_feat_doors
D:2:      layout_rooms, serial_aquarium, aquarium_bridge_long_separate
          [aquarium_subvault_bridge, aquarium_subvault_wall,
          aquarium_subvault_bridge, aquarium_subvault_wall,
          aquarium_subvault_window, aquarium_subvault_bridge],
          aquarium_bridge_square [aquarium_subvault_wall,
          aquarium_subvault_bridge, aquarium_subvault_bridge,
          aquarium_subvault_wall], aquarium_window_3, aquarium_window_1,
          aquarium_window_fake, aquarium_window_fake, aquarium_view_2c,
          aquarium_view_2f, aquarium_balcony_1b, aquarium_pool_corner,
          minmay_door_square
D:3:      layout_basic, grunt_dithmenos_smoke_and_mirrors, gup_sewer_entry_glass
D:4:      layout_basic, kennysheep_little_box, minmay_fountain_box
D:5:      layout_rooms, nicolae_wu_jian_wuxing_cycle,
          nicolae_vehumet_altar_sigil, temple_statues, uniq_prince_ribbit1,
          uniq_blork_the_orc, uniq_pikel

Skill      XL: |  1  2  3  4  5 |
---------------+----------------+-----
Stealth        | 2 3 |  3.8
Dodging        | 2 3 |  3.5
Necromancy     | 5 |  5.8
Spellcasting   | 3 |  3.7

Action                     |  1- 3 |  4- 6 || total
---------------------------+-------+-------++-------
  Melee: Spear             |    16 |    36 ||    52
   Cast: Necrotise         |    55 |    97 ||   152
         Vampiric Draining |       |     5 ||     5
 Armour: Robe              |    14 |    32 ||    46
  Dodge: Dodged            |    17 |    43 ||    60
